 Dungeon Crawl Stone Soup version 0.28.0-47-ge53b351184 (webtiles) character file.

Game seed: 15463329764565355533

112 GigaChad the Covered (level 4, 0/40 HPs)
             Began as a Minotaur Fighter on May 5, 2022.
             Was a Follower of the Shining One.
             Slain by a jelly (1 damage)
             ... on level 3 of the Dungeon.
             The game lasted 00:09:14 (4596 turns).

GigaChad the Covered (Minotaur Fighter)             Turns: 4596, Time: 00:09:14

Health: 0/40       AC:  0    Str: 21    XL:     4   Next: 63%
Magic:  0/3        EV:  9    Int:  5    God:    the Shining One [*.....]
Gold:   76         SH:  4    Dex: 11    Spells: 3/3 levels left

rFire   . . .      SeeInvis .   a - +0 long sword
rCold   . . .      Faith    .   c - +0 buckler
rNeg    . . .      Spirit   +   b - +1 scale mail
rPois   +          Reflect  .   (helmet restricted)
rElec   .          Harm     .   (no cloak)
rCorr   .          Rampage  .   (no gloves)
Will    .....                   (no boots)
Stlth   ..........              e - amulet of guardian spirit
HPRegen 0.13/turn               j - ring of poison resistance
MPRegen 0.08/turn               (no ring)

@: corroded, slowed, glowing, very slow
A: horns 2, retaliatory headbutt
a: Renounce Religion, Divine Shield


You were on level 3 of the Dungeon.
You worshipped the Shining One.
The Shining One was aware of your devotion.
You visited 1 branch of the dungeon, and saw 3 of its levels.

You collected 76 gold pieces.

Inventory:

Hand Weapons
 a - a +0 long sword (weapon)
Armour
 b - a +1 scale mail (worn)
 c - a +0 buckler (worn)
Jewellery
 e - an amulet of guardian spirit (around neck)
 j - a ring of poison resistance (left hand)
Scrolls
 i - a scroll of torment
Potions
 d - 2 potions of might
 f - a potion of flight {unknown}
 g - a potion of degeneration {unknown}
 h - a potion of invisibility {unknown}
 m - 4 potions of curing {unknown}
 n - a potion of cancellation {unknown}
 o - a potion of heal wounds {unknown}


   Skills:
 + Level 4.2 Fighting
 + Level 4.0 Long Blades
 + Level 4.7 Armour
 + Level 4.2 Shields


You had 3 spell levels left.
You didn't know any spells.
Your spell library contained the following spells:

 Spells                   Type           Power      Damage    Failure   Level
 Shock                    Conj/Air       0%         1d3       88%         1
 Swiftness                Air            0%         N/A       99%         3
 Airstrike                Air            0%         N/A       100%        4


Dungeon Overview and Level Annotations

Branches:
Dungeon (3/15)

Altars:
Gozag
The Shining One

Annotations:
D:3 khangoldenlief's ghost, amateur GnAM


Innate Abilities, Weirdness & Mutations

You have a pair of horns on your head.
You reflexively headbutt those who attack you in melee.


Message History

The jelly closely misses you. You furiously retaliate!
You headbutt the jelly, but do no damage.
Khangoldenlief's ghost gestures at you while chanting.
You resist with significant effort. The jelly hits you.
You are splashed with acid!
You hit khangoldenlief's ghost but do no damage.
Khangoldenlief's ghost points at you and mumbles some strange words.
You resist with significant effort. You block the jelly's attack.
Khangoldenlief's ghost points at you and mumbles some strange words.
You feel as though you will be slow longer.
The jelly jiggles.
You block the jelly's attack.
You hit khangoldenlief's ghost.
Khangoldenlief's ghost is lightly damaged.
Khangoldenlief's ghost hits you.
You writhe in agony.
The jelly hits you but does no damage. Khangoldenlief's ghost hits you.
You writhe in agony.
The jelly closely misses you.
You slash khangoldenlief's ghost!
Khangoldenlief's ghost is moderately damaged.
Khangoldenlief's ghost hits you.
You writhe in agony.
* * * LOW HITPOINT WARNING * * *
The jelly hits you but does no damage.
Khangoldenlief's ghost casts a spell at you.
You resist with significant effort. The jelly completely misses you.
You hit khangoldenlief's ghost.
Khangoldenlief's ghost is moderately damaged.
You block khangoldenlief's ghost's attack.
The jelly hits you but does no damage.
Khangoldenlief's ghost points at you and mumbles some strange words.
You feel as though you will be slow longer.
The jelly hits you.
* * * LOW HITPOINT WARNING * * *
The acid corrodes you!
You are splashed with acid!
* * * LOW HITPOINT WARNING * * *
You closely miss khangoldenlief's ghost.
You headbutt khangoldenlief's ghost, but do no damage.
Khangoldenlief's ghost is moderately damaged.
Khangoldenlief's ghost barely misses you.
The jelly hits you.
You die...

.#####.....###.##.........##.# #.
.)...........†.##.........##.###.
########.############.######.....
#.# #.# #####. #.# #########
####. ##'## #..##∩8.## #....
##...## #..#$$...# ###.#..
##.....####..'....8# #...#.. #
##.......##..@W._8$∩# #.#####
####.........#...J$.$.8####...#..
...+.........'...#$$$$.#.........
####.........##..##.8∩######.....
# ##.......########### #.....
##.....## #.# #..... ##...## #.#
##...# ##'## #.# ##.## ### #†#
#.# #.#


You could see a jelly and khangoldenlief's ghost.

Vanquished Creatures
  3 adders
  A worm (D:3)
  3 orcs (D:3)
  6 endoplasms
  5 giant cockroaches
  8 goblins
  9 hobgoblins
  6 jackals
  4 quokkas
  6 ball pythons
  2 bats (D:2)
  3 frilled lizards
  6 kobolds
  7 rats
69 creatures vanquished.

Notes
Turn   | Place    | Note
-------+----------+-------------------------------------------
     0 | D:1      | GigaChad the Minotaur Fighter began the quest for the Orb.
     0 | D:1      | Reached XP level 1. HP: 19/19 MP: 0/0
   621 | D:1      | Reached XP level 2. HP: 27/27 MP: 1/1
  1179 | D:1      | Reached XP level 3. HP: 33/33 MP: 2/2
  1932 | D:2      | Found a faded altar of an unknown god.
  1949 | D:2      | Prayed at the altar of an unknown god.
  1949 | D:2      | Became a worshipper of the Shining One
  1949 | D:2      | Reached * piety under the Shining One
  2271 | D:2      | Reached XP level 4. HP: 29/40 MP: 3/3
  4582 | D:3      | Found a runed translucent gate.
  4582 | D:3      | Found a runed translucent gate.
  4582 | D:3      | Found an opulent altar of Gozag.
  4582 | D:3      | Found a runed translucent gate.
  4585 | D:3      | Noticed khangoldenlief's ghost (amateur GnAM)
  4595 | D:3      | HP: 1/40 [acid (10)]
  4596 | D:3      | Slain by a jelly

Illustrated notes

Levels and vault maps discovered:
D:1:      sevenhm_arrival_forest_fort_large_4, layout_basic,
          nicolae_concentric_dashed_squares_wild, minmay_misc_feat_cross,
          nicolae_figureground_sparkle
D:2:      layout_basic, ebering_ecumenical_altar_abandoned,
          serial_co_window_serial, co_window_paths_b, co_window_corner_a,
          co_window_corner_a, co_window_paths_a, co_window_paths_b,
          co_window_corner_cb, co_window_cross_2, co_window_2corner,
          co_window_paths_e, co_window_4corner_b
D:3:      layout_loops_corners, ebering_ghost_gozag

Skill      XL: |  1  2  3  4 |
---------------+-------------+-----
Armour         | 4 |  4.7
Shields        | 4 |  4.2
Fighting       | 4 |  4.2
Long Blades    | 3 4 |  4.0

Action                   |  1- 3 |  4- 6 || total
-------------------------+-------+-------++-------
Melee: Long sword        |    82 |    48 ||   130
       Headbutt          |     9 |     6 ||    15
  Use: Scroll            |       |     5 ||     5
Armor: Scale mail        |    57 |    34 ||    91
Dodge: Dodged            |    52 |    27 ||    79
Block: Buckler           |    17 |    11 ||    28
